 Dungeon Crawl Stone Soup version 0.30-a0-168-g0b976cbdc4 (webtiles) character file.

Game seed: 16886306365931133413

162 qw the Chopper (level 5, 0/32 HPs)
             Began as a Gargoyle Fighter on Sept 29, 2022.
             Constricted to death by Grinder (5 damage)
             ... on level 3 of the Dungeon.
             The game lasted 00:00:46 (2057 turns).

qw the Chopper (Gargoyle Fighter)                   Turns: 2057, Time: 00:00:47

Health: 0/32       AC: 19    Str: 22    XL:     5   Next: 43%
Magic:  5/5        EV:  6    Int:  8    God:
Gold:   96         SH:  9    Dex:  9    Spells: 4/4 levels left

rFire   . . .      SeeInvis .    Y - +0 war axe
rCold   . . .      Faith    .    c - +0 buckler
rNeg    + . .      Spirit   .    b - +0 scale mail
rPois   inf        Reflect  +    o - +0 helmet
rElec   +          Harm     .    g - +0 cloak
rCorr   +          Rampage  .    m - +0 pair of gloves
Will    .....                    i - +0 pair of boots
Stlth   ..........               f - amulet of reflection
HPRegen 0.10/turn                e - ring of resist corrosion
MPRegen 0.09/turn                j - +4 ring of protection

@: about to teleport, grasped by roots, constricted
A: sickness immunity, AC +4, negative energy resistance 1, electricity
resistance, torment resistance 1, petrification resistance
a: no special abilities


You were on level 3 of the Dungeon.
You visited 1 branch of the dungeon, and saw 3 of its levels.

You collected 96 gold pieces.


Innate Abilities, Weirdness & Mutations

You are immune to sickness and miasma.
Your stone body is resilient. (AC +4)
You are immune to poison.
You resist negative energy. (rN+)
You are resistant to electric shocks. (rElec)
You are resistant to unholy torment.
You are immune to petrification.


   Skills:
 + Level 3.3 Fighting
 - Level 5.0 Axes
 - Level 3.2 Armour
 - Level 3.2 Shields


You had 4 spell levels left.
You didn't know any spells.
Your spell library was empty.

Inventory:

Hand Weapons
 q - the +11 mace "Adogeg" {flame, Dex+3}
   (You found it on level 3 of the Dungeon)

   It burns those it strikes, dealing additional fire damage.
   Dex:       It affects your dexterity (+3).
 Y - a +0 war axe (weapon)
Armour
 b - a +0 scale mail (worn)
 c - a +0 buckler (worn)
 g - a +0 cloak (worn)
 i - a +0 pair of boots (worn)
 m - a +0 pair of gloves (worn)
 o - a +0 helmet (worn)
Jewellery
 e - a ring of resist corrosion (left hand)
 f - an amulet of reflection (around neck)
 j - a +4 ring of protection (right hand)
Scrolls
 k - a scroll of enchant weapon {unknown}
 n - a scroll of teleportation
 r - a scroll of torment {unknown}
Potions
 a - a potion of haste
 d - a potion of might
 h - a potion of resistance {unknown}
 l - a potion of attraction {unknown}
 p - a potion of curing

Dungeon Overview and Level Annotations

Branches:
Dungeon (3/15)

Altars:
Uskayaw

Annotations:
D:3 Grinder


Message History

You barely miss the bat. The bat hits you but does no damage.
The bat barely misses you.
You completely miss the bat. The bat hits you but does no damage.
The bat hits you but does no damage.
You barely miss the bat. You block the bat's attack.
The bat hits you but does no damage. You block the bat's attack.
You slash the bat!
You kill the bat!
n - 2 scrolls of teleportation (gained 1)
A kobold comes into view. It is wielding a +0 dagger.
The kobold shouts!
You barely miss the kobold. The kobold barely misses you.
You closely miss the kobold. The kobold hits you but does no damage.
You hit the kobold.
You kill the kobold!
Found a stone staircase leading down.
You see here a +0 dagger.
You open the door.
Grinder comes into view.
She is carrying a wand of roots (4).
Grinder shouts!
Grinder gestures at you. Pain shoots through your body!
There is an open door here.
Enter note: You closely miss Grinder.
Grinder zaps a wand.
The roots erupt in riotous growth!
The grasping roots grab you!
Grinder is unaffected.
The grasping roots constrict you. You block Grinder's attack.
The grasping roots constrict you.
You closely miss Grinder. Grinder hits you!
You writhe in agony.
The grasping roots constrict you.
2057 ||| READING 2 scrolls of teleportation.
As you read the scroll of teleportation, it crumbles to dust.
You feel strangely unstable.
Grinder blinks!
The grasping roots constrict you.
You die...

######.......##.# ###.###.#####
#............##.# #............
#.#......###.##.# #.#.###.####.
#.#......# #.##.# # #.#......#
#.#......# #.##.# #.#..###.#
#)#......# #.##.####.#......#.#
#.##'#######+##).....#.....##.#
#.##.#
...>...5#######.....##.#.
#.##.# ........@.#
#.#.#........ #.##.#
........#ยค# #.#.#.####.#.
#.#..[ ........#.# #.......<.^#
#.#### #########.# #.#.######.#
#.# #8## .# #..........
#.###8...8 .# #.########.
#..##..... #.# #.# #..#>.....
#.# #.# #.###..... #.# #.#


You could see Grinder.

Vanquished Creatures
  A necrophage (D:2)
  Robin (D:2)
  3 adders
  3 dart slugs
  An orc (D:3)
  5 bats
  3 endoplasms
  2 giant cockroaches (D:1)
  9 goblins
  4 hobgoblins (D:2)
  4 jackals (D:1)
  3 kobolds
  3 quokkas
  3 ball pythons
  2 frilled lizards
  4 rats
51 creatures vanquished.

Notes
Turn   | Place    | Note
-------+----------+-------------------------------------------
     0 | D:1      | qw the Gargoyle Fighter began the quest for the Orb.
     0 | D:1      | Reached XP level 1. HP: 14/14 MP: 1/1
     0 | D:1      | 0 ||| qw: Version: 0.2-a-12-gaebbb33
     0 | D:1      | 0 ||| qw: Game counter: 1177
     0 | D:1      | 0 ||| qw: Always use a shield: true
     0 | D:1      | 0 ||| qw: God list: Okawaru
     0 | D:1      | 0 ||| qw: Allow faded altars: false
     0 | D:1      | 0 ||| qw: Do Orc after D:15 true
     0 | D:1      | 0 ||| qw: Do second Lair branch before Depths: true
     0 | D:1      | 0 ||| qw: Lair rune preference: random
     0 | D:1      | 0 ||| qw: Plans: Normal, Zot:1-4, God:TSO, Crypt, Tomb,
                  | Pan, Slime:5, Hells, Abyss, Orb
     0 | D:1      | 0 ||| PLANNING D:1-11
    55 | D:1      | Reached skill level 2 in Axes
    58 | D:1      | Reached XP level 2. HP: 18/19 MP: 2/2
   213 | D:1      | 213 ||| Stepping ~*~*~tactically~*~*~ (hiding).
   333 | D:1      | 333 ||| DROPPING +0 club.
   402 | D:1      | Reached skill level 3 in Axes
   473 | D:1      | Reached XP level 3. HP: 19/23 MP: 3/3
   773 | D:1      | 773 ||| UPGRADING to +0 pair of boots.
   778 | D:1      | 778 ||| UPGRADING to ring of resist corrosion.
   779 | D:1      | 779 ||| UPGRADING to +4 ring of protection.
   780 | D:1      | 780 ||| READING scroll labelled UDUSMU HULEGUNG.
   783 | D:1      | 783 ||| READING scroll labelled GOZ UCOMONAJON.
   784 | D:1      | 784 ||| READING scroll labelled JOMPAMOSASH.
   785 | D:1      | 785 ||| READING scroll labelled ZAWNODD NOUZ.
   905 | D:2      | 905 ||| Stepping ~*~*~tactically~*~*~ (stealth).
   908 | D:2      | 908 ||| Stepping ~*~*~tactically~*~*~ (stealth).
   909 | D:2      | 909 ||| Stepping ~*~*~tactically~*~*~ (stealth).
  1247 | D:2      | 1247 ||| Stepping ~*~*~tactically~*~*~ (stealth).
  1251 | D:2      | 1251 ||| Stepping ~*~*~tactically~*~*~ (stealth).
  1252 | D:2      | 1252 ||| Stepping ~*~*~tactically~*~*~ (stealth).
  1253 | D:2      | 1253 ||| Stepping ~*~*~tactically~*~*~ (stealth).
  1320 | D:2      | Found a faded altar of an unknown god.
  1322 | D:2      | Noticed Robin
  1323 | D:2      | 1323 ||| Stepping ~*~*~tactically~*~*~ (hiding).
  1328 | D:2      | Reached XP level 4. HP: 28/28 MP: 4/4
  1340 | D:2      | Killed Robin
  1341 | D:2      | Reached skill level 4 in Axes
  1505 | D:2      | Noticed a necrophage
  1514 | D:2      | Killed a necrophage
  1515 | D:2      | Reached XP level 5. HP: 25/32 MP: 5/5
  1680 | D:2      | 1680 ||| UPGRADING to +0 cloak.
  1685 | D:2      | 1685 ||| UPGRADING to +0 pair of gloves.
  1690 | D:2      | 1690 ||| UPGRADING to +0 helmet.
  1695 | D:2      | 1695 ||| UPGRADING to amulet of reflection.
  1700 | D:2      | 1700 ||| READING scroll labelled WASIUC QUZIRGH.
  1701 | D:2      | 1701 ||| DRINKING 2 red potions.
  1702 | D:2      | 1702 ||| DRINKING 2 smoky dark potions.
  1705 | D:3      | Found a hide-covered altar of Uskayaw.
  1837 | D:3      | Identified the +11 mace "Adogeg" {flame, Dex+3}
  1839 | D:3      | 1839 ||| DROPPING +0 whip.
  1899 | D:3      | Reached skill level 5 in Axes
  2053 | D:3      | Noticed Grinder
  2056 | D:3      | HP: 5/32 [constriction (5)]
  2057 | D:3      | 2057 ||| READING 2 scrolls of teleportation.
  2057 | D:3      | Constricted to death by Grinder

Levels and vault maps discovered:
D:1:      dpeg_arrival_radiant, layout_rooms, st_stairs_14,
          minmay_misc_feat_tiny, corexii_item_surrounded_by_moat
D:2:      layout_loops_cross, hellmonk_ecumenical_altar_pennies_from_heaven,
          minmay_misc_feat_four_crosses, uniq_robin
D:3:      layout_basic, nicolae_uskayaw_dance_hall,
          nicolae_overflow_hidden_temple, uniq_grinder

Skill      XL: |  1  2  3  4  5 |
---------------+----------------+-----
Axes           | 2 3 4 5 |  5.0
Fighting       | |  3.3
Armour         | |  3.2
Shields        | |  3.2

Action                   |  1- 3 |  4- 6 || total
-------------------------+-------+-------++-------
Melee: War axe           |    81 |    72 ||   153
  Use: Scroll            |     4 |     2 ||     6
       Potion            |       |     2 ||     2
Armor: Scale mail        |    48 |    39 ||    87
Dodge: Dodged            |    34 |    30 ||    64
Block: Buckler           |    15 |    19 ||    34

Table legend:
 A = Non-vault XP
 B = Vault XP
 C = Vault XP percentage of total XP
 D = Non-vault monster count
 E = Vault monster count
 F = Vault count percentage of total count
                 A         B        C        D         E       F
            +---------+---------+-------+---------+---------+-------
      Total |     195 |      37 |  15.9 |      39 |      12 |  23.5
            +---------+---------+-------+---------+---------+-------
        D:1 |      33 |       1 |   2.9 |      16 |       1 |   5.9
        D:2 |     134 |      36 |  21.2 |      15 |      11 |  42.3
        D:3 |      28 |       0 |   0.0 |       8 |       0 |   0.0
            +---------+---------+-------+---------+---------+-------
